 Dungeon Crawl Stone Soup version 0.31-a0-117-g42d8f58691 (webtiles) character file.

Game seed: 1407342694480799448

224 voltaire321 the Charlatan (level 5, -2/39 HPs)
             Began as a Demonspawn Artificer on May 30, 2023.
             Slain by Grinder (3 damage)
             ... while paralysed by Grinder
             ... on level 3 of the Dungeon.
             The game lasted 00:09:50 (2913 turns).

voltaire321 the Charlatan (Demonspawn Artificer)    Turns: 2913, Time: 00:09:51

Health: -2/39      AC:  3    Str: 12    XL:     5   Next: 67%
Magic:  2/6        EV:  2    Int: 13    God:
Gold:   173        SH:  0    Dex: 15    Spells: 5/6 levels left

rFire   . . .        n - +0 short sword (speed)
rCold   . . .        (no shield)
rNeg    . . .        b - +0 leather armour
rPois   .            (helmet restricted)
rElec   .            (no cloak)
rCorr   .            (no gloves)
SInv    .            (no boots)
Will    .....        (no amulet)
Stlth   ++           (no ring)
HPRegen 0.26/turn    (no ring)
MPRegen 0.10/turn

%: no passive effects
@: paralysed
A: antennae 1, spiny 1, demonic magic 1
a: no special abilities


You were on level 3 of the Dungeon.
You visited 1 branch of the dungeon, and saw 3 of its levels.

You collected 173 gold pieces.

Inventory:

Hand Weapons
 n - a +0 short sword of speed (weapon)
Armour
 b - a +0 leather armour (worn)
Jewellery
 o - a ring of magical power
Wands
 c - a wand of flame (11)
 d - a wand of charming (14)
 e - a wand of iceblast (5)
Scrolls
 a - 2 scrolls of torment {unknown}
 g - a scroll of enchant weapon {unknown}
 l - 5 scrolls of identify {unknown}
 m - 2 scrolls of teleportation {unknown}
 p - a scroll of blinking {unknown}
Potions
 f - a potion of curing {unknown}
 h - a potion of brilliance {unknown}
 i - 2 potions of degeneration {unknown}
 j - a potion of lignification {unknown}
 k - a potion of resistance {unknown}
 q - a potion of invisibility {unknown}


   Skills:
 + Level 2.6 Fighting
 + Level 1.0 Short Blades
 + Level 2.8 Armour
 + Level 2.2 Dodging
 + Level 1.4 Stealth
 + Level 1.0 Spellcasting
 + Level 1.0 Conjurations
 + Level 3.8 Evocations


You had 5 spell levels left.
You knew the following spells:

 Your Spells              Type           Power      Damage    Failure   Level
a - Magic Dart            Conj           12%        1d3       24%         1

Your spell library contained the following spells:

 Spells                   Type           Power      Damage    Failure   Level
 Call Imp                 Summ           0%         N/A       47%         2
 Mephitic Cloud           Conj/Pois/Air  1%         N/A       67%         3


Dungeon Overview and Level Annotations

Branches:
Dungeon (3/15)

Altars:

Annotations:
D:3 Grinder


Innate Abilities, Weirdness & Mutations

You have a pair of small antennae on your head.
You are partially covered in sharp spines.
Spells you cast may paralyse adjacent enemies.


Message History

You fall asleep.
The sleepcap is struck by your spines. The sleepcap releases spores at you!
You wake up.
* * * LOW HITPOINT WARNING * * *
You are engulfed in a cloud of soporific spores!
You are unaffected.
Okay, then.
Aiming: Charm
Press: ? - help, Shift-Dir - straight line, f/p - Grinder
Aim: Grinder (moderately wounded, chance to affect: 59%)
The sleepcap is charmed.
Grinder hits your sleepcap but does no damage.
Your sleepcap releases spores at Grinder.
Your sleepcap barely misses Grinder.
Grinder gestures at you.
Your sleepcap writhes in agony!
Your magical contamination has completely faded away.
Grinder hits your sleepcap but does no damage.
Your sleepcap releases spores at Grinder.
You feel a bit more experienced.
Your Short Blades skill increases to level 1!
There is an open door here.
Grinder blinks!
Grinder hits you.
* * * LOW HITPOINT WARNING * * *
You writhe in agony.
* * * LOW HITPOINT WARNING * * *
Aiming: Magic Dart (safe; 24% risk of failure)
Press: ? - help, Q - select action, (/) - cycle Shift-Dir - straight line, f/p - Grinder
Aim: Grinder (heavily wounded, 100% to hit)
The magic dart hits Grinder.
Grinder is heavily wounded.
Malevolent energies surge around you. Grinder gestures at you.
You suddenly lose the ability to move!
Grinder gestures at you. Pain shoots through your body!
* * * LOW HITPOINT WARNING * * *
Grinder hits you.
You die...

.# #..# #....#
#########..# ##
#..# #....#
#...f5.....# #
#..# #....#
#.#####).... #
#..# #....# #.#
#.##.# # #..#
#....## #.# #.# .#
#
..###.....####.###
#.. .# #######
..........'......#
### ## ......#
######...####.#.#
.####.# #......@.#
#.#.########
.####'##
#......5.#
#(#.##......
.#...†.#
#........#
#.#.##......
##.....#
#......###
#....'.†....
.'.....#.#......#
#######......
##.......#......#
#............
###'####.########
#.#######+###
.....# .#
#######.#######
###### .
..............#


You could see Grinder.

Vanquished Creatures
  4 gnolls (D:2)
  9 adders
  2 worms (D:2)
  A dart slug (D:2)
  4 orcs (D:3)
  6 ball pythons
  6 endoplasms
  6 giant cockroaches
  7 goblins
  8 hobgoblins
  4 jackals (D:3)
  A quokka (D:2)
  4 bats
  2 frilled lizards
  11 kobolds
  9 rats
84 creatures vanquished.

Vanquished Creatures (others)
  A sleepcap (D:3)
1 creature vanquished.

Grand Total: 85 creatures vanquished

Notes
Turn   | Place    | Note
-------+----------+-------------------------------------------
     0 | D:1      | voltaire321 the Demonspawn Artificer began the quest for
                  | the Orb.
     0 | D:1      | Reached XP level 1. HP: 15/15 MP: 1/1
    63 | D:1      | Reached skill level 1 in Dodging
   247 | D:1      | Gained mutation: You are partially covered in sharp spines.
                  | [demonic ancestry]
   247 | D:1      | Reached XP level 2. HP: 21/21 MP: 2/2
   949 | D:2      | Reached XP level 3. HP: 27/27 MP: 3/3
  1082 | D:2      | HP: 1/27 [gnoll/+0 whip (4)]
  1084 | D:2      | Gained mutation: Spells you cast may paralyse adjacent
                  | enemies. [demonic ancestry]
  1084 | D:2      | Reached XP level 4. HP: 1/33 MP: 4/4
  1318 | D:2      | Found a faded altar of an unknown god.
  1485 | D:2      | Learned a level 1 spell: Magic Dart
  1582 | D:2      | Reached skill level 1 in Stealth
  1915 | D:2      | Gained mutation: You have a pair of small antennae on your
                  | head. [demonic ancestry]
  1915 | D:2      | Reached XP level 5. HP: 39/39 MP: 5/5
  2526 | D:3      | Reached skill level 1 in Spellcasting
  2585 | D:3      | Reached skill level 1 in Conjurations
  2856 | D:3      | Noticed Grinder
  2898 | D:3      | Reached skill level 1 in Short Blades
  2911 | D:3      | Paralysed by Grinder for 4 turns
  2912 | D:3      | HP: 1/39 [Grinder/nerve-wracking pain (4)]
  2913 | D:3      | Slain by Grinder

Illustrated notes

Levels and vault maps discovered:
D:1:      amcnicky_arrival_blooded_trapdoor, layout_loops_ring
D:2:      minmay_razor_zed, layout_loops_ring,
          hellmonk_ecumenical_altar_leap_of_faith
D:3:      minmay_octagon_keep, layout_basic, uniq_grinder

Skill      XL: |  1  2  3  4  5 |
---------------+----------------+-----
Dodging        | 1 2 |  2.2
Armour         | 2 |  2.8
Fighting       | 2 |  2.6
Stealth        | 1 |  1.4
Spellcasting   | 1 |  1.0
Conjurations   | 1 |  1.0
Short Blades   | 1 |  1.0
Evocations     | |  3.8

Action                     |  1- 3 |  4- 6 || total
---------------------------+-------+-------++-------
  Melee: Short sword       |       |   138 ||   138
         Punch             |       |     3 ||     3
   Fire: Sling             |   113 |       ||   113
   Cast: Magic Dart        |       |    27 ||    27
  Evoke: Wand              |     2 |     3 ||     5
   Stab: Paralysed         |       |    15 ||    15
         Sleeping          |       |     2 ||     2
 Armour: Leather armour    |    19 |    19 ||    38
  Dodge: Dodged            |    42 |    61 ||   103

Table legend: (Time is in decaauts)
 A = Elapsed time spent in this place.
 B = Non-inter-level travel time spent in this place.
 C = Inter-level travel time spent in this place.
 D = Time resting spent in this place.
 E = Time spent auto-exploring this place.
 F = Levels seen in this place.
 G = Mean time per level.
                   A        B        C        D        E       F      G
               +--------+--------+--------+--------+--------+-----+--------+
         Total |   2913 |   2847 |     66 |    256 |   1924 |   3 |  971.0 |
       Dungeon |   2913 |   2847 |     66 |    256 |   1924 |   3 |  971.0 |
               +--------+--------+--------+--------+--------+-----+--------+

Top non-repeatable levels by time:
     D:2: 1449 daAuts
     D:1: 800 daAuts
     D:3: 664 daAuts
